 Dungeon Crawl Stone Soup version 0.14.1-24-gbdbe590 (webtiles) character file.

373 NTRAFF the Ruinous (level 6, -2/36 HPs)
             Began as a High Elf Conjurer on July 1, 2014.
             Was an Initiate of Sif Muna.
             Killed from afar by Blork the orc (5 damage)
             ... with a puff of flame
             ... on Level 5 of the Dungeon.
             The game lasted 00:09:54 (5142 turns).

NTRAFF the Ruinous (High Elf Conjurer)              Turns: 5142, Time: 00:09:54

HP  -2/36        AC  8     Str  7      XL: 6   Next: 29%
MP  20/20        EV 10     Int 21      God: Sif Muna [......]
Gold 35          SH  0     Dex 16      Spells:  5 memorised,  0 levels left

rFire  . . .     SeeInvis .     j - +0 falchion
rCold  . . .     Clarity  .     n - +0 leather armour
rNeg   . . .     Conserve .     (no shield)
rPois  .         rCorr    .     (no helmet)
rElec  .         rRot     .     (no cloak)
SustAb . .       Spirit   .     (no gloves)
rMut   .         Warding  .     m - +0 pair of boots
Saprov . . .     Stasis   .     (no amulet)
MR     .....                    a - -2,-3 ring of slaying {unknown}
                                l - +4 ring of protection

@: not resistant to hostile enchantments, fairly stealthy
A: no striking features
a: Renounce Religion


You were on level 5 of the Dungeon.
You worshipped Sif Muna.
Sif Muna was noncommittal.
You were not hungry.

You visited 1 branch of the dungeon, and saw 5 of its levels.

You collected 140 gold pieces.
You spent 105 gold pieces at shops.

Inventory:

Hand weapons
 j - a +0,+0 falchion (weapon)
Armour
 m - a +0 pair of boots (worn)
 n - a +0 leather armour (worn)
Comestibles
 b - 4 bread rations
 d - 2 chokos
 f - a sausage
 h - an apricot
 i - a pear
Scrolls
 q - a scroll of blinking
Jewellery
 a - a -2,-3 ring of slaying (right hand) {unknown}
 e - an uncursed ring of fire
 g - an uncursed ring of fire
 l - a +4 ring of protection (left hand)
Potions
 k - a potion of haste
 s - a potion of heal wounds {unknown}
Books
 c - a book of Conjurations

   Spells                             Type                      Level
   *Magic Dart                        Conjuration                  1
   *Searing Ray                       Conjuration                  2
   *Dazzling Spray                    Conjuration/Hexes            3
   Fulminant Prism                    Conjuration/Hexes            4
   *Iskenderun's Mystic Blast         Conjuration                  4
   *Iskenderun's Battlesphere         Conjuration/Charms           5


   Skills:
 - Level 2.1 Dodging
 - Level 2.1 Stealth
 - Level 5.0 Spellcasting
 + Level 7.1 Conjurations


You couldn't memorise any spells.
You knew the following spells:

 Your Spells              Type           Power        Failure   Level  Hunger
a - Magic Dart            Conj           ####         1%          1    None
b - Searing Ray           Conj           #####.       1%          2    None
c - Dazzling Spray        Conj/Hex       ###.....     10%         3    ##.....
d - Iskenderun's Mystic   Conj           #####...     8%          4    ####...
e - Iskenderun's Battles  Conj/Chrm      ###.....     78%         5    #####..


Dungeon Overview and Level Annotations

Branches:
Dungeon (5/15)
 Temple: D:4-7

Altars:
Sif Muna

Shops:
D:4 *

Annotations:
D:3 DaftWullie's ghost, average KoBe
D:5 Blork the orc; Prince Ribbit


Message History

Prince Ribbit comes into view.
Unknown command.
Blork the orc zaps a wand.
The puff of frost hits you!
There is an open door here.
Blork the orc casts a spell.
Blork the orc seems to speed up.
Blork the orc points at you and mumbles some strange words.
The puff of flame misses you.
Blork the orc zaps a wand.
The puff of frost hits you!
* * * LOW HITPOINT WARNING * * *
Blork the orc casts a spell at you. The magic dart hits you!
* * * LOW HITPOINT WARNING * * *
Blork the orc screams, "I'll eat your brain!
And then I'll vomit it back up!"
Blork the orc casts a spell at you. The magic dart hits you!
Blork the orc screams, "I don't like you!"
Blork the orc casts a spell at you. The puff of flame hits you!
You die...

##########
###..@.....####
#..............
#.#.##.###.###.
#.#.##.###.#
#.#...o....#
#.#.##.#####
#.#.##.#
#.#.##.# #+##
#......# #...##


You could see Blork the orc.

Vanquished Creatures
  A scorpion (D:4)
  A hound (D:4)
  A centaur skeleton (D:5)
  A worker ant (D:4)
  Terence (D:3)
  8 adders
  3 gnolls (D:4)
  2 worms (D:2)
  An adder skeleton (D:4)
  2 orcs
  A ball python (D:4)
  A bat skeleton (D:4)
  4 giant cockroaches
  7 hobgoblins
  13 jackals
  11 bats
  6 giant newts
  8 goblins
  9 kobolds
  2 quokkas
  9 rats
92 creatures vanquished.

Notes
Turn   | Place    | Note
--------------------------------------------------------------
     0 | D:1      | NTRAFF, the High Elf Conjurer, began the quest for the Orb.
     0 | D:1      | Reached XP level 1. HP: 11/11 MP: 4/4
     0 | D:1      | Noticed an iron imp
     2 | D:1      | Noticed Thrab the pandemonium lord
     4 | D:1      | Noticed an ice devil
     7 | D:1      | Noticed an orange demon
    16 | D:1      | Noticed an Executioner
    18 | D:1      | Noticed a reaper
   808 | D:1      | Reached XP level 2. HP: 10/17 MP: 4/7
  1298 | D:1      | Learned a level 2 spell: Searing Ray
  1652 | D:2      | Reached XP level 3. HP: 17/21 MP: 6/11
  1816 | D:2      | Learned a level 3 spell: Dazzling Spray
  2169 | D:2      | Reached XP level 4. HP: 27/27 MP: 7/15
  2175 | D:2      | Learned a level 4 spell: Iskenderun's Mystic Blast
  2241 | D:2      | Found a deep blue altar of Sif Muna.
  2250 | D:2      | Became a worshipper of Sif Muna the Loreminder
  2470 | D:3      | Reached skill level 5 in Spellcasting
  3144 | D:3      | Reached skill level 5 in Conjurations
  3148 | D:3      | Noticed Terence
  3159 | D:3      | Killed Terence
  3510 | D:3      | Reached XP level 5. HP: 31/31 MP: 16/18
  3878 | D:3      | Noticed DaftWullie's ghost (average KoBe)
  4330 | D:4      | Found Mnoiheph's General Store.
  4348 | D:4      | Bought a scroll of blinking for 105 gold pieces
  4380 | D:4      | Reached skill level 6 in Conjurations
  4608 | D:4      | Reached XP level 6. HP: 31/36 MP: 15/20
  4620 | D:4      | Learned a level 5 spell: Iskenderun's Battlesphere
  5048 | D:5      | Entered Level 5 of the Dungeon
  5097 | D:5      | Reached skill level 7 in Conjurations
  5118 | D:5      | Noticed Blork the orc
  5122 | D:5      | Noticed Prince Ribbit
  5142 | D:5      | Killed from afar by Blork the orc

Action                   |  1- 3 |  4- 6 || total
-------------------------+-------+-------++-------
Melee: Spear             |     9 |       ||     9
       Dagger            |     9 |       ||     9
       Falchion          |    25 |    17 ||    42
 Cast: Magic Dart        |    61 |    78 ||   139
       Searing Ray       |     3 |     9 ||    12
       Iskenderun's Myst |       |     3 ||     3
  Use: Potion            |     1 |       ||     1
       Scroll            |       |     4 ||     4
 Stab: Sleeping          |       |     1 ||     1
